 Dungeon Crawl Stone Soup version 0.32-a0-17-gb74e046682 (webtiles) character file.

Game seed: 12467043067325640070

37647 PriceMaster the Carver (level 13, -2/118 HPs)
             Began as a Minotaur Berserker on Jan 15, 2024.
             Was a Priest of Trog.
             Slain by a cane toad (15 damage)
             ... on level 5 of the Lair of Beasts.
             The game lasted 00:31:58 (12655 turns).

PriceMaster the Carver (Minotaur Berserker)        Turns: 12655, Time: 00:31:59

Health: -2/118     AC: 20    Str: 25    XL:     13   Next: 59%
Magic:  12/12      EV:  2    Int:  4    God:    Trog [***...]
Gold:   1031       SH:  0    Dex: 18    Spells: 12/12 levels left

rFire   + . .        U - +6 demon blade
rCold   . . .        w - +0 kite shield
rNeg    . . .        r - +5 scale mail {rF+}
rPois   .            (helmet restricted)
rElec   .            (no cloak)
rCorr   .            y - +0 pair of gloves
SInv    .            k - +0 pair of boots
Will    ++...        c - amulet of faith Stlth
                     n - +6 ring of dexterity
HPRegen 1.39/turn    N - +4 ring of protection
MPRegen 0.13/turn

%: faith
@: confused, lethally poisoned (-2 -> -3), sleeping, ambrosia-drunk,
strong-willed, on berserk cooldown, regenerating, slowed
A: horns 2, retaliatory headbutt
a: Renounce Religion, Berserk, Trog's Hand


You were on level 5 of the Lair of Beasts.
You worshipped Trog.
Trog was most pleased with you.
You visited 2 branches of the dungeon, and saw 15 of its levels.

You collected 1031 gold pieces.

Inventory:

Hand Weapons
 U - a +6 demon blade (weapon)
Missiles
 x - 2 javelins (quivered)
 V - a throwing net
Armour
 k - a +0 pair of boots (worn)
 r - a +5 scale mail of fire resistance (worn)
 w - a +0 kite shield (worn)
 y - a +0 pair of gloves (worn)
 A - a +0 plate armour
 G - a +0 robe
 S - +0 steam dragon scales
Jewellery
 c - an amulet of faith (around neck)
 l - a ring of magical power
 n - a +6 ring of dexterity (left hand)
 D - a ring of fire
 E - a ring of ice
 F - a ring of flight
 L - a +6 ring of dexterity
 N - a +4 ring of protection (right hand)
 O - an amulet of reflection
Talismans
 o - a beast talisman
Wands
 H - a wand of iceblast (4)
 T - a wand of flame (14)
 Y - a wand of digging (5)
Scrolls
 a - a scroll of identify
 d - a scroll of fog
 i - a scroll of silence
 p - a scroll of teleportation
 q - 2 scrolls of vulnerability
 t - 2 scrolls of immolation
 u - a scroll of poison
 v - a scroll of acquirement
 C - a scroll of noise
 R - a scroll of enchant armour
Potions
 e - 3 potions of enlightenment
 g - 4 potions of attraction
 z - 2 potions of magic
 J - a potion of lignification
 M - a potion of mutation
 Q - 2 potions of cancellation
 X - a potion of heal wounds {unknown}
 Z - a potion of ambrosia
Miscellaneous
 K - a sack of spiders


   Skills:
 + Level 12.1 Fighting
 + Level 14.9 Long Blades
 + Level 8.5 Maces & Flails
 + Level 1.0 Polearms
 + Level 0.9 Throwing
 + Level 10.5 Armour
 + Level 8.1 Dodging
 + Level 2.9 Stealth
 + Level 13.3 Shields
 + Level 2.4 Evocations
 + Level 1.1 Shapeshifting


You had 12 spell levels left.
You didn't know any spells.
Your spell library was empty.

Dungeon Overview and Level Annotations

Branches:
Dungeon (11/15)            Temple (0/1) D:4            Lair (3/5) D:11
  Snake (0/4) Lair:2          Orc (0/2) D:11
  Swamp: Lair:2-3    Shoals: Lair:2-3

Altars:
Ashenzari
Hepliaklqana
Wu Jian
Yredelemnul

Shops:
D:6 :

Portals:
Trove: D:10 (give 2 scrolls of acquirement)


Innate Abilities, Weirdness & Mutations

You have a pair of horns on your head.
You reflexively headbutt those who attack you in melee.


Message History

Okay, then.
Your skin crawls.
You feel strong-willed. You block the cane toad's attack.
The blink frog blinks!
You block the blink frog's attack.
The blink frog blinks!
You block the dream sheep's attack. The dream sheep completely misses you.
The cane toad stings you!
* * * LOW HITPOINT WARNING * * *
The cane toad stings you!
* * * LOW HITPOINT WARNING * * *
You are poisoned.
The cane toad poisons you! The blink frog hits you.
* * * LOW HITPOINT WARNING * * *
You are confused.
You feel invigorated.
You feel extremely sick. The cane toad misses you. The blink frog hits you.
* * * LOW HITPOINT WARNING * * *
The cane toad stings you but does no damage.
The dream sheep headbutts you!
* * * LOW HITPOINT WARNING * * *
The dream sheep barely misses you.
The cane toad stings you but does no damage.
The blink frog completely misses you.
The blink frog blinks!
The cane toad misses you. The dream sheep barely misses you.
The dream sheep headbutts you but does no damage.
Okay, then.
You miss the blink frog.
You feel very sick. The blink frog barely misses you. The cane toad stings you!
* * * LOW HITPOINT WARNING * * *
The cane toad closely misses you. The dream sheep misses you.
The dream sheep barely misses you.
You hit the blink frog. Your headbutt misses the blink frog.
The blink frog is lightly wounded.
You feel sick. The blink frog closely misses you. The cane toad misses you.
The dream sheep shake their wool and sparkle.
You feel drowsy...
You fall asleep.
The cane toad stings you!
You die...

.. # .#....
....#####........
.....#..#........
...P#....§.......
P.......P........
........F........
...PP.F#F........
#@Yw†.....~
#FYYF......
##yF†....#.
###.....# ....[#
#P.P..# #....#
#...# ....


You could see a tyrant leech, 2 cane toads, 3 blink frogs, a vampire mosquito, a
bullfrog and 3 dream sheep.

Vanquished Creatures
  Fannar (D:11)
  2 two-headed ogres
  8 death yaks
  Lodul (D:11)
  Pikel (D:7)
  A deep elf pyromancer (D:7)
  3 manticores
  3 black mambas
  2 gargoyles
  6 cane toads
  A kobold demonologist (D:11)
  An unseen horror (D:11)
  2 rime drakes
  8 komodo dragons
  3 polar bears
  3 trolls
  A hornet (D:7)
  10 dream sheep
  23 blink frogs
  Sigmund (D:2)
  A shadow (D:10)
  2 basilisks (Lair:2)
  3 wyverns
  37 yaks
  2 steam dragons
  A vampire mosquito (Lair:5)
  3 nagas (Lair:2)
  6 water moccasins
  Duvessa (D:7)
  A black bear (D:5)
  8 ogres
  3 orc warriors
  6 ice beasts
  8 wolves
  9 centaurs
  3 lemures (D:7)
  A kobold brigand (D:7)
  Blork the orc (D:6)
  7 bullfrogs
  2 gnoll sergeants
  2 scorpions
  9 wights
  9 killer bees
  8 howler monkeys
  A bombardier beetle (D:5)
  3 hounds
  6 orc priests
  4 iguanas
  7 orc wizards
  Robin (D:3)
  14 gnolls
  5 adders
  2 shadow imps
  6 white imps
  2 ufetubi (D:5)
  2 dart slugs
  3 ribbon worms
  24 orcs
  5 endoplasms
  5 giant cockroaches
  15 goblins
  5 hobgoblins
  10 jackals
  11 kobolds
  2 quokkas (D:2)
  6 ball pythons
  5 bats
  2 frilled lizards
  8 rats
368 creatures vanquished.

Vanquished Creatures (collateral kills)
  An obsidian statue (D:10)
  A rime drake (Lair:2)
  A komodo dragon (Lair:1)
  A wyvern (D:10)
  2 killer bees (D:10)
  A howler monkey (D:8)
7 creatures vanquished.

Vanquished Creatures (others)
  Dowan (D:7)
1 creature vanquished.

Grand Total: 376 creatures vanquished

Notes
Turn   | Place    | Note
-------+----------+-------------------------------------------
     0 | D:1      | PriceMaster the Minotaur Berserker began the quest for the
                  | Orb.
     0 | D:1      | Reached XP level 1. HP: 19/19 MP: 0/0
   134 | D:1      | Reached XP level 2. HP: 19/27 MP: 1/1
   179 | D:1      | Reached skill level 4 in Long Blades
   310 | D:1      | Reached ** piety under Trog
   511 | D:1      | Reached XP level 3. HP: 33/33 MP: 2/2
   724 | D:2      | Found a faded altar of an unknown god.
   738 | D:2      | Reached XP level 4. HP: 24/41 MP: 3/3
  1104 | D:2      | Noticed Sigmund
  1121 | D:2      | Killed Sigmund
  1122 | D:2      | Reached skill level 5 in Fighting
  1122 | D:2      | Reached skill level 5 in Long Blades
  1122 | D:2      | Reached XP level 5. HP: 48/48 MP: 4/4
  1539 | D:3      | Reached XP level 6. HP: 56/56 MP: 5/5
  1706 | D:3      | Noticed Robin
  1719 | D:3      | Killed Robin
  2382 | D:4      | Reached *** piety under Trog
  2388 | D:4      | Reached skill level 1 in Maces & Flails
  2462 | D:4      | Found a staircase to the Ecumenical Temple.
  3088 | D:4      | Reached skill level 1 in Polearms
  3281 | D:5      | Entered Level 5 of the Dungeon
  3289 | D:5      | Reached XP level 7. HP: 62/62 MP: 6/6
  3317 | D:5      | Reached skill level 1 in Shields
  3881 | D:6      | Reached skill level 5 in Maces & Flails
  3881 | D:6      | Reached skill level 1 in Shapeshifting
  3884 | D:6      | Reached XP level 8. HP: 70/70 MP: 7/7
  4053 | D:6      | Noticed Blork the orc
  4060 | D:6      | Killed Blork the orc
  4066 | D:6      | Found Ydwit's Book Emporium.
  4300 | D:6      | Reached skill level 5 in Armour
  4507 | D:7      | Noticed Dowan
  4507 | D:7      | Noticed Duvessa
  4517 | D:7      | Killed Dowan
  4539 | D:7      | Killed Duvessa
  4551 | D:7      | Reached skill level 1 in Stealth
  4650 | D:7      | Noticed a hornet
  4655 | D:7      | Paralysed by a hornet for 3 turns
  4673 | D:7      | Killed a hornet
  4674 | D:7      | Reached skill level 5 in Shields
  4902 | D:7      | Reached XP level 9. HP: 78/78 MP: 8/8
  4962 | D:7      | Noticed a manticore
  5022 | D:7      | Killed a manticore
  5158 | D:7      | Noticed a gargoyle
  5170 | D:7      | Killed a gargoyle
  5174 | D:7      | Reached skill level 5 in Dodging
  5203 | D:7      | Noticed Pikel
  5213 | D:7      | Killed Pikel
  5214 | D:7      | Reached skill level 6 in Long Blades
  5407 | D:7      | Noticed a deep elf pyromancer
  5418 | D:7      | Killed a deep elf pyromancer
  5419 | D:7      | Reached XP level 10. HP: 84/86 MP: 9/9
  5503 | D:7      | Found a broken altar of Ashenzari.
  5503 | D:7      | Found a hazy altar of Hepliaklqana.
  5505 | D:7      | Found a basalt altar of Yredelemnul.
  5505 | D:7      | Found an ornate altar of the Wu Jian Council.
  7140 | D:9      | Reached skill level 7 in Long Blades
  7580 | D:9      | Noticed a two-headed ogre
  7587 | D:9      | Killed a two-headed ogre
  7784 | D:10     | Entered Level 10 of the Dungeon
  7806 | D:10     | Reached skill level 8 in Long Blades
  7932 | D:10     | Reached skill level 1 in Evocations
  7945 | D:10     | Reached skill level 10 in Shields
  7953 | D:10     | Reached XP level 11. HP: 95/95 MP: 10/10
  8160 | D:10     | Reached skill level 9 in Long Blades
  8310 | D:10     | Found a portal to a secret trove of treasure.
  8694 | D:10     | Noticed an obsidian statue
  8707 | D:10     | Killed an obsidian statue
  8848 | D:11     | Identified a scroll of acquirement
  8912 | D:11     | Noticed Fannar
  8942 | D:11     | Killed Fannar
  9129 | D:11     | Reached skill level 10 in Long Blades
  9272 | D:11     | Noticed a two-headed ogre
  9280 | D:11     | Killed a two-headed ogre
  9314 | D:11     | Found a staircase to the Orcish Mines.
  9432 | D:11     | Noticed a death yak
  9433 | D:11     | Noticed a death yak
  9440 | D:11     | Noticed a death yak
  9449 | D:11     | Killed a death yak
  9452 | D:11     | Killed a death yak
  9457 | D:11     | Killed a death yak
  9458 | D:11     | Reached skill level 11 in Long Blades
  9460 | D:11     | Reached XP level 12. HP: 105/105 MP: 11/11
  9575 | D:11     | Found a staircase to the Lair.
  9665 | D:11     | Noticed Lodul
  9680 | D:11     | Killed Lodul
 10041 | Lair:1   | Entered Level 1 of the Lair of Beasts
 10060 | Lair:1   | Reached skill level 10 in Fighting
 10164 | Lair:1   | Reached skill level 12 in Long Blades
 10564 | Lair:1   | Found the +4 robe of Augmentation {Str+4 Int+4 Dex+4}
 10854 | Lair:1   | Reached skill level 13 in Long Blades
 11325 | Lair:2   | Found a staircase to the Snake Pit.
 11327 | Lair:2   | Reached skill level 10 in Armour
 11784 | Lair:2   | Reached XP level 13. HP: 116/116 MP: 12/12
 12035 | Lair:2   | Reached skill level 14 in Long Blades
 12610 | Lair:3   | You fall into a shaft and drop 2 floors!
 12610 | Lair:5   | Entered Level 5 of the Lair of Beasts
 12655 | Lair:5   | Slain by a cane toad

Illustrated notes

Levels and vault maps discovered:
D:1:      moated_graveyard_arrival, layout_basic, minmay_octomino_j4
D:2:      layout_loops_ring, shapermc_ecumenical_altar_acropolis, uniq_sigmund
D:3:      layout_rooms, uniq_robin
D:4:      layout_loops_corners, minmay_temple_entry_arrows,
          gup_sewer_entry_bubbles
D:5:      layout_rooms, minivault_26
D:6:      layout_rooms, serial_shops, shop, uniq_blork_the_orc
D:7:      nzn_winding_woodlands_three_and_one [nzn_winding_woodlands_5x15_eye,
          nzn_winding_woodlands_5x15_zeroes, nzn_winding_woodlands_5x15_crooked,
          nzn_winding_woodlands_center_triple_pond], layout_loops_ring,
          mainiacjoe_overflow_alcove_3, uniq_duvessa, uniq_pikel
D:8:      layout_basic
D:9:      layout_irregular_city, serial_glass, glass_columns_b, glass_columns_a
D:10:     minmay_separated_statues, layout_rooms, serial_glass, glass_columns_a,
          glass_columns_b, glass_columns_a, glass_columns_a, glass_columns_a,
          glass_columns_c, glass_columns_b, glass_columns_b,
          trove_entry_hex_spiral, minmay_crystal_room,
          ebering_dispersal_statue_hall
D:11:     layout_basic, dpeg_lair_monsters, orc_0_dummy, uniq_fannar, uniq_lodul
Lair:1:   layout_cave_pods, serial_bayou_shore_a, grunt_megastairs_3
Lair:2:   layout_roguey, guppyfry_snake_entry_garden, minmay_stone_trees_small
Lair:3:   layout_gridlike, minmay_swamp_entry_swarm,
          nicolae_volcano_entry_vermiform, grunt_forest_small_clearings,
          uniq_sonja
Lair:5:   minmay_lair_end_frog_pond, layout_concentric_octagons,
          serial_bayou_crossing, lemuel_fruit_tree

Skill      XL: |  1  2  3  4  5  6  7  8  9 10 11 12 13 |
---------------+----------------------------------------+-----
Fighting       | 4 5 6 7 8 9 11 12 | 12.1
Long Blades    | 4 5 6 8 11 13 14 | 14.9
Armour         | 3 4 6 7 8 9 10 | 10.5
Dodging        | 3 4 5 6 7 8 |  8.1
Maces & Flails | 2 5 6 8 |  8.5
Polearms       | 1 |  1.0
Shields        | 2 5 7 10 11 12 13 | 13.3
Shapeshifting  | 1 |  1.1
Stealth        | 1 2 |  2.9
Evocations     | 1 2 |  2.4
Throwing       | |  0.9

Action                     |  1- 3 |  4- 6 |  7- 9 | 10-12 | 13-15 || total
---------------------------+-------+-------+-------+-------+-------++-------
  Melee: Falchion          |    67 |    41 |    21 |    64 |       ||   193
         Headbutt          |    16 |    24 |    49 |   104 |    47 ||   240
         Halberd           |       |    22 |       |       |       ||    22
         Mace              |       |    96 |   240 |       |       ||   336
         Punch             |       |     1 |       |       |       ||     1
         Demon blade       |       |       |       |   462 |   167 ||   629
  Throw: Javelin           |       |       |       |     2 |       ||     2
 Invoke: Trog's Hand       |     2 |     5 |    19 |    25 |     6 ||    57
         Berserk           |     2 |     5 |    13 |    25 |     4 ||    49
  Evoke: Wand              |       |       |       |    13 |     1 ||    14
         Sack of spiders   |       |       |       |     5 |       ||     5
    Use: Scroll            |       |     2 |     8 |    19 |       ||    29
         Potion            |       |       |     4 |     6 |     4 ||    14
   Stab: Distracted        |       |     1 |       |     1 |       ||     2
         Invisible         |       |       |     7 |       |       ||     7
 Armour: Animal skin       |    14 |       |       |       |       ||    14
         Leather armour    |    20 |    73 |    26 |       |       ||   119
         Scale mail        |       |    18 |   117 |   289 |    98 ||   522
         Plate armour      |       |       |   146 |       |       ||   146
         Skin              |       |       |       |    48 |       ||    48
  Dodge: Dodged            |    44 |   104 |   129 |   201 |    98 ||   576
  Block: Kite shield       |       |     8 |   206 |   385 |    82 ||   681
   Form: Beast             |       |     1 |       |       |       ||     1
                           |       |       |     1 |       |       ||     1

Table legend: (Time is in decaauts)
 A = Elapsed time spent in this place.
 B = Non-inter-level travel time spent in this place.
 C = Inter-level travel time spent in this place.
 D = Time resting spent in this place.
 E = Time spent auto-exploring this place.
 F = Levels seen in this place.
 G = Mean time per level.
                   A        B        C        D        E       F      G
               +--------+--------+--------+--------+--------+-----+--------+
         Total |  13064 |  12415 |    649 |    980 |   8439 |  15 |  870.9 |
       Dungeon |  10451 |   9841 |    610 |    648 |   6794 |  11 |  950.1 |
          Lair |   2613 |   2575 |     38 |    332 |   1645 |   4 |  653.2 |
               +--------+--------+--------+--------+--------+-----+--------+

Top non-repeatable levels by time:
     D:7: 1432 daAuts
  Lair:1: 1291 daAuts
     D:4: 1284 daAuts
     D:8: 1243 daAuts
    D:11: 1219 daAuts
    D:10: 1076 daAuts
  Lair:2: 1070 daAuts
     D:9: 905 daAuts
     D:2: 845 daAuts
     D:1: 723 daAuts
     D:6: 588 daAuts
     D:3: 567 daAuts
     D:5: 563 daAuts
  Lair:3: 220 daAuts
  Lair:5: 31 daAuts
